 Dungeon Crawl Stone Soup version 0.19-a0-32-gbfd796a (webtiles) character file.

70 M4edhros the Grave Robber (level 4, 0/24 HPs)
             Began as a Tengu Necromancer on May 2, 2016.
             Slain by Natasha (6 damage)
             ... on level 2 of the Dungeon.
             The game lasted 00:03:45 (332 turns).

M4edhros the Grave Robber (Tengu Necromancer)        Turns: 332, Time: 00:03:45

Health: 0/24       AC:  4    Str: 10    XL:     4   Next: 22%
Magic:  1/8        EV: 12    Int: 15    God:
Gold:   43         SH:  0    Dex: 14    Spells: 3 memorised, 2 levels left

rFire  . . .     SeeInvis .       - Unarmed
rCold  + . .     Gourm    .     g - +2 robe {rC+}
rNeg   . . .     Faith    .     (no shield)
rPois  .         Spirit   .     (helmet restricted)
rElec  .         Dismiss  .     (no cloak)
rCorr  .         Reflect  .     (no gloves)
SustAt .         Harm     .     (boots unavailable)
MR     .....                    (no amulet)
Stlth  ++........               (no ring)
                                (no ring)

@: very slightly contaminated, not resistant to hostile enchantments, unstealthy
A: beak, talons 3
a: no special abilities


You were on level 2 of the Dungeon.
You were not hungry.

You visited 1 branch of the dungeon, and saw 3 of its levels.

You collected 43 gold pieces.

Inventory:

Hand Weapons
 f - a +0 dagger of venom
Armour
 a - a +0 robe
 e - a +0 ring mail
 g - a +2 robe of cold resistance (worn)
Scrolls
 d - 3 scrolls of identify {unknown}
Books
 b - a book of Necromancy

   Spells                             Type                      Level
   a - Pain                           Necromancy                   1
   b - Animate Skeleton               Necromancy                   1
   c - Vampiric Draining              Necromancy                   3
   d - Regeneration                   Charms/Necromancy            3
   e - Animate Dead                   Necromancy                   4
   f - Control Undead                 Necromancy                   4
Comestibles
 c - 2 bread rations
 l - a beef jerky


   Skills:
 - Level 2.1 Dodging
 - Level 2.0 Stealth
 + Level 4.0 Unarmed Combat
 - Level 2.0 Spellcasting
 - Level 4.3 Necromancy


You had 2 spell levels left.
You knew the following spells:

 Your Spells              Type           Power        Failure   Level  Hunger
a - Pain                  Necr           ##..         4%          1    #......
b - Animate Skeleton      Necr           N/A          4%          1    #......
r - Regeneration          Chrm/Necr      #.........   30%         3    ###....


Dungeon Overview and Level Annotations

Branches:
Dungeon (3/15)

Altars:

Annotations:
D:2 Natasha


Innate Abilities, Weirdness & Mutations

You have a beak for a mouth.
You have claws for feet.


Message History

Found a stone staircase leading down.
You barely miss Natasha. Natasha barely misses you.
You hit Natasha.
Natasha is moderately wounded.
Natasha stares at you and mumbles some strange words.
The magic dart hits you!
* * * LOW HITPOINT WARNING * * *
All of the chunks of flesh in your inventory have rotted away.
You aren't carrying any potions.
Read which item? (? for menu, Esc to quit)
As you read the scroll labeled XOL EMOOWIUD, it crumbles to dust.
It is a scroll of amnesia.
Forget which spell ([?*] list [ESC] exit)?
Forget which spell ([?*] list [ESC] exit)?
Okay, then.
Unknown command.
You closely miss Natasha.
Natasha is moderately wounded.
The crimson imp blinks!
Natasha claws you.
You die...

###............
...............
..............>.
................
...b.............#
........§........#
......5......5...
......##h......#
.......@.......#
...............#
..........†....#
###+####.......# #..........
....#.......#####
#...........................#
#...........................#
#...........................#
#...............#....########


You could see Natasha and a crimson imp.

Vanquished Creatures
  Jessica (D:2)
  Natasha (D:2)
  A dart slug (D:2)
  A giant cockroach (D:2)
  3 goblins (D:2)
  4 jackals (D:2)
  A quokka (D:2)
  2 bats (D:2)
  2 giant newts (D:2)
  2 kobolds (D:2)
18 creatures vanquished.

Notes
Turn   | Place    | Note
--------------------------------------------------------------
     0 | D:1      | M4edhros the Tengu Necromancer began the quest for the Orb.
     0 | D:1      | Reached XP level 1. HP: 10/10 MP: 4/4
    47 | D:2      | Noticed Jessica
    55 | D:2      | Reached skill level 1 in Unarmed Combat
    87 | D:2      | Killed Jessica
    87 | D:2      | Reached XP level 2. HP: 6/15 MP: 0/6
    87 | D:2      | Reached XP level 3. HP: 8/19 MP: 0/7
   120 | D:2      | Learned a level 1 spell: Animate Skeleton
   124 | D:2      | Learned a level 3 spell: Regeneration
   279 | D:3      | Noticed a giant frog
   298 | D:2      | Noticed Natasha
   315 | D:2      | Killed Natasha
   315 | D:2      | Reached XP level 4. HP: 10/24 MP: 2/8
   323 | D:2      | Noticed Natasha
   332 | D:2      | Slain by Natasha

Vault maps used:
D:1:      minmay_arrival_jagged
D:2:      lemuel_coloured_pillars_altar, elyvilon_altar_4, first_bread,
          uniq_jessica, uniq_natasha
D:3:      yredelemnul_altar_generic, tgw_trog, lemuel_crystal_altar,
          uniq_terence

Skill      XL: |  1  2  3 |
---------------+----------+-----
Unarmed Combat | 3 4 |  4.0
Dodging        | |  2.1
Stealth        | |  2.0
Spellcasting   | |  2.0
Necromancy     | |  4.3

Action                   |  1- 3 |  4- 6 || total
-------------------------+-------+-------++-------
Melee: Unarmed           |    25 |     5 ||    30
       Peck              |     3 |     1 ||     4
       Kick              |     3 |       ||     3
 Cast: Pain              |    18 |       ||    18
       Regeneration      |     2 |     1 ||     3
  Use: Scroll            |       |     3 ||     3
 Stab: Sleeping          |     1 |       ||     1
Armor: Robe              |     2 |     1 ||     3
       Ring mail         |     3 |       ||     3
Dodge: Dodged            |    12 |     1 ||    13
